 Dungeon Crawl Stone Soup version 0.25-a0-578-gc91f01c39c (webtiles) character file.

Game seed: 4690448541303043517, levelgen mode: deterministic

31 srslyguys the Caller (level 3, 0/24 HPs)
             Began as a Merfolk Summoner on Mar 6, 2020.
             Slain by a goblin
             ... wielding a +0 club
              (3 damage)
             ... on level 2 of the Dungeon.
             The game lasted 00:04:19 (776 turns).

srslyguys the Caller (Merfolk Summoner)              Turns: 776, Time: 00:04:19

Health: 0/24       AC:  2    Str:  8    XL:     3   Next: 22%
Magic:  3/6        EV: 13    Int: 15    God:
Gold:   97         SH:  0    Dex: 14    Spells: 0/6 levels left

rFire    . . .     SeeInvis .   g - +3 hand axe (vamp)
rCold    . . .     Gourm    .   (no shield)
rNeg     . . .     Faith    .   a - +0 robe
rPois    .         Spirit   .   (no helmet)
rElec    .         Reflect  .   (no cloak)
rCorr    .         Harm     .   (no gloves)
MR       .....                  (no boots)
Stlth    ++........             (no amulet)
HPRegen  0.08/turn              (no ring)
MPRegen  0.10/turn              (no ring)

@: no status effects
A: change form in water, swift swim, stealthy swim
a: no special abilities


You were on level 2 of the Dungeon.
You were not hungry.

You visited 1 branch of the dungeon, and saw 2 of its levels.

You collected 97 gold pieces.

Inventory:

Hand Weapons
 b - a +0 short sword
 g - a +3 vampiric hand axe (weapon)
Armour
 a - a +0 robe (worn)
Jewellery
 f - an uncursed amulet of regeneration {unknown}
 m - a cursed amulet of inaccuracy {unknown}
Scrolls
 e - 3 scrolls of teleportation {unknown}
 h - a scroll of enchant weapon {unknown}
 i - 2 scrolls of remove curse {unknown}
 j - a scroll of enchant armour {unknown}
Potions
 l - a potion of stabbing {unknown}
Comestibles
 c - 2 rations


   Skills:
 - Level 0.1 Axes
 + Level 3.1 Dodging
 + Level 2.6 Stealth
 + Level 2.2 Spellcasting
 + Level 4.5 Summonings


You couldn't memorise any spells.
You knew the following spells:

 Your Spells              Type           Power        Failure   Level  Hunger
a - Summon Small Mammal   Summ           ###.         3%          1    #......
b - Call Imp              Summ           ###.....     5%          2    ###....
c - Summon Guardian Gole  Hex/Summ       #.......     26%         3    ###....

Your spell library contained the following spells:

 Spells                   Type           Power        Failure   Level  Hunger
 Call Canine Familiar     Summ           ###.....     11%         3    ###....
 Magic Dart               Conj           #...         22%         1    #......
 Blink                    Tloc           N/A          32%         2    ###....
 Slow                     Hex            #.......     32%         2    ###....
 Conjure Flame            Conj/Fire      #.......     54%         3    ###....
 Mephitic Cloud           Conj/Pois/Air  #.......     54%         3    ###....
 Summon Ice Beast         Ice/Summ       #.......     65%         4    #####..
 Summon Lightning Spire   Summ/Air       #.......     65%         4    #####..


Dungeon Overview and Level Annotations

Branches:
Dungeon (2/15)

Altars:


Message History

Things that are here:
2 chunks of flesh; a leopard gecko skeleton Really walk into that cloud of flame? [Y]es or [N]o only, please.
Really walk into that cloud of flame?
You swap places.
You are engulfed in blazing flames.
Ouch! That really hurt!
* * * LOW HITPOINT WARNING * * *
You are feeling hungry.
The goblin closely misses you.
Things that are here:
2 chunks of flesh; a leopard gecko skeleton Eat one of 2 chunks of flesh? (ye/n/q)
You eat one of the 2 chunks of flesh.
This raw flesh tastes terrible.
You barely miss the goblin. The goblin hits you but does no damage.
The goblin misses you.
You barely miss the goblin.
Your guardian golem disappears in a puff of smoke!
The goblin hits you with a +0 club.
You die...

.... .# ... ##.#
... ...# #
##.###..#.#
#..#<#....# #
#..#.#.##.#.#
#..†........#
......#h#........#
..... #.#.g@.....#
.... #...§.##.#.#
... ####### ## #
.. .


You could see a goblin.

Vanquished Creatures
  A dart slug (D:1)
  A leopard gecko (D:2)
  A hobgoblin (D:1)
  4 jackals (D:2)
  3 bats (D:1)
  4 frilled lizards (D:1)
  A goblin (D:1)
  5 kobolds (D:1)
  3 rats (D:1)
23 creatures vanquished.

Vanquished Creatures (collateral kills)
  A dart slug (D:1)
  2 goblins (D:1)
  3 kobolds (D:1)
  A frilled lizard (D:1)
  A rat (D:1)
8 creatures vanquished.

Grand Total: 31 creatures vanquished

Notes
Turn   | Place    | Note
-------+----------+-------------------------------------------
     0 | D:1      | srslyguys the Merfolk Summoner began the quest for the Orb.
     0 | D:1      | Reached XP level 1. HP: 13/13 MP: 3/3
   181 | D:1      | Reached XP level 2. HP: 19/19 MP: 0/5
   186 | D:1      | Learned a level 2 spell: Call Imp
   650 | D:1      | Reached XP level 3. HP: 24/24 MP: 6/6
   664 | D:1      | Learned a level 3 spell: Summon Guardian Golem
   776 | D:2      | Slain by a goblin

Levels and vault maps discovered:
D:1:      evilmike_arrival_hilbert_curve, layout_basic, hex_large,
          moated_statue, minmay_heptomino_h4
D:2:      layout_basic, uniq_crazy_yiuf_cottage

Skill      XL: |  1  2 |
---------------+-------+-----
Dodging        | 3 |  3.1
Axes           | |  0.1
Stealth        | |  2.6
Spellcasting   | |  2.2
Summonings     | |  4.5

Action                   || total
-------------------------++-------
Melee: Short sword       ||    13
       Hand axe          ||    40
       Unarmed           ||     2
       Tailslap          ||     2
 Cast: Summon Small Mamm ||     8
       Call Imp          ||     6
       Summon Guardian G ||     1
  Use: Potion            ||     1
 Stab: Sleeping          ||     1
  Eat: Chunk             ||     1
Armor: Robe              ||    10
Dodge: Dodged            ||    43

Table legend:
 A = Non-vault XP
 B = Vault XP
 C = Vault XP percentage of total XP
 D = Non-vault monster count
 E = Vault monster count
 F = Vault count percentage of total count
                 A         B        C        D         E       F
            +---------+---------+-------+---------+---------+-------
      Total |      42 |       3 |   6.7 |      28 |       3 |   9.7
            +---------+---------+-------+---------+---------+-------
        D:1 |      31 |       3 |   8.8 |      23 |       3 |  11.5
        D:2 |      11 |       0 |   0.0 |       5 |       0 |   0.0
            +---------+---------+-------+---------+---------+-------
